 Dungeon Crawl Stone Soup version 0.25-a0-41-g6cf4ce537d (webtiles) character file.

Game seed: 16164914038825483420, levelgen mode: deterministic

30 Alarkh the Slasher (level 3, 29/29 HPs)
             Began as a Demonspawn Fighter on Oct 21, 2019.
             Got out of the dungeon alive.
             The game lasted 00:00:27 (821 turns).

Alarkh the Slasher (Demonspawn Fighter)              Turns: 821, Time: 00:00:27

Health: 29/29      AC:  6    Str: 16    XL:     3   Next: 5%
Magic:  3/3        EV:  6    Int: 10    God:
Gold:   99         SH:  8    Dex: 12    Spells: 2/2 levels left

rFire    . . .     SeeInvis .   a - +0 long sword
rCold    . . .     Gourm    .   c - +0 shield
rNeg     . . .     Faith    .   b - +0 scale mail
rPois    .         Spirit   .   (no helmet)
rElec    .         Reflect  .   (no cloak)
rCorr    .         Harm     .   (no gloves)
MR       .....                  (no boots)
Stlth    ..........             (no amulet)
HPRegen  0.09/turn              (no ring)
MPRegen  0.08/turn              (no ring)

@: no status effects
A: claws 1, spiny 1
a: no special abilities


You escaped.
You were not hungry.

You visited 1 branch of the dungeon, and saw 2 of its levels.

You collected 99 gold pieces.

Inventory:

Hand Weapons
 a - a +0 long sword (weapon)
Armour
 b - a +0 scale mail (worn)
 c - a +0 shield (worn)
Scrolls
 e - a scroll of teleportation {unknown}
 h - 2 scrolls of identify {unknown}
 j - a scroll of enchant armour {unknown}
 k - a scroll of fear {unknown}
 l - 2 scrolls of enchant weapon {unknown}
 m - a scroll of amnesia {unknown}
 n - a scroll of random uselessness {unknown}
Potions
 d - 2 potions of might
 g - a potion of degeneration {unknown}
Comestibles
 f - 3 rations
 i - 7 chunks of flesh


   Skills:
 - Level 3.0 Fighting
 + Level 3.2 Long Blades
 - Level 2.6 Armour
 - Level 2.6 Shields


You had 2 spell levels left.
You didn't know any spells.
Your spell library was empty.

Dungeon Overview and Level Annotations

Branches:
Dungeon (2/15)

Altars:


Innate Abilities, Weirdness & Mutations

You have sharp fingernails.
You are partially covered in sharp spines.


Message History

There is a stone staircase leading up here.
You climb upwards.
There is a stone staircase leading down here.
Unknown command.
Unknown command.
Unknown command.
There is a stone staircase leading down here.
The hobgoblin shouts!
The hobgoblin hits the plant but does no damage.
The hobgoblin hits the plant but does no damage.
The hobgoblin hits the plant but does no damage.
You see here a whip.
The hobgoblin completely misses the plant.
The hobgoblin hits the plant but does no damage.
The hobgoblin hits the plant but does no damage.
The hobgoblin hits the plant but does no damage.
There is a staircase leading out of the dungeon here.
Are you sure you want to leave the Dungeon?
This will make you lose the game!
The hobgoblin hits the plant with a +0 club.
You have escaped!

.##.####PP.PP.PP.PP.PP.PP.....###
....#...PP.P.PP.P.PP.P.PP######
.##.#.##PP.P.P.PPP.P.P)PP#
........PP.P.PP.P.PP.P.PP#
.##.#.#.PP.PP.PP.PP.PP.PP#
....#...PPP.PP.PPP.PP.PPP#
###.###.PPP.PPP.g.PPP.PPP# ....#


##PPPP..PPPPP..PPPP# ..### #PPPPPP..@..PPPPPP# ..# #PPPPPPPPPPPPPPPPP# ..#
#.....############# ..# #.....# ..# #.....# ### ##...## #.### #.# #.# You could
see a hobgoblin.

Vanquished Creatures
  2 oozes (D:2)
  A dart slug (D:1)
  4 hobgoblins (D:1)
  4 kobolds
  2 bats (D:2)
  4 goblins
  4 rats
21 creatures vanquished.

Notes
Turn   | Place    | Note
-------+----------+-------------------------------------------
     0 | D:1      | Alarkh the Demonspawn Fighter began the quest for the Orb.
     0 | D:1      | Reached XP level 1. HP: 18/18 MP: 1/1
   326 | D:1      | Gained mutation: You are partially covered in sharp spines.
                  | [demonic ancestry]
   326 | D:1      | Reached XP level 2. HP: 24/24 MP: 2/2
   746 | D:2      | Gained mutation: You have sharp fingernails. [demonic
                  | ancestry]
   746 | D:2      | Reached XP level 3. HP: 29/29 MP: 3/3
   821 | D:$      | Got out of the dungeon alive.

Levels and vault maps discovered:
D:1:      roderic_crop_circles_arrival_small, layout_loops_cross
D:2:      layout_basic, first_ration, grunt_decor_mini_mirrors

Skill      XL: |  1  2 |
---------------+-------+-----
Long Blades    | 2 3 |  3.2
Fighting       | |  3.0
Armour         | |  2.6
Shields        | |  2.6

Action                   || total
-------------------------++-------
Melee: Long sword        ||    60
Armor: Scale mail        ||    20
Dodge: Dodged            ||    15
Block: Shield            ||    29
       Rpst.: Long sword ||     5

Table legend:
 A = Non-vault XP
 B = Vault XP
 C = Vault XP percentage of total XP
 D = Non-vault monster count
 E = Vault monster count
 F = Vault count percentage of total count
                 A         B        C        D         E       F
            +---------+---------+-------+---------+---------+-------
      Total |      44 |       0 |   0.0 |      21 |       0 |   0.0
            +---------+---------+-------+---------+---------+-------
        D:1 |      20 |       0 |   0.0 |      11 |       0 |   0.0
        D:2 |      24 |       0 |   0.0 |      10 |       0 |   0.0
            +---------+---------+-------+---------+---------+-------
